[Event "FIDE World Cup"]
[Site "Tbilisi"]
[Date "2017.09.03"]
[Round "1.1"]
[White "Carlsen, Magnus"]
[Black "Balogun, Oluwafemi"]
[Result "1-0"]
[ECO "B06"]
[WhiteElo "2827"]
[BlackElo "2255"]
[Annotator "Sagar,Shah"]
[PlyCount "77"]
[EventDate "2017.09.03"]
[EventType "k.o."]
[EventRounds "7"]
[EventCountry "GEO"]
[SourceTitle "CBM 181"]
[Source "ChessBase"]
[SourceDate "2017.11.10"]
[SourceVersion "1"]
[SourceVersionDate "2017.11.10"]
[SourceQuality "1"]
[TimeControl "40/5400+30:1800+30"]

1. e4 d6 2. d4 g6 3. Bc4 {[%emt 0:00:50] Magnus goes for something that the opponent would not have prepared.} Nf6 4. Qe2 {[%emt 0:00:12] Mikhail Tal played this before, Carlsen must know this game as he has adopted similar plan in his game.} Nc6 5. Nf3 Bg7 (5... Bg4 6. Bb5 (6. c3 $14) 6... Nd7 7. c3 e5 8. d5 Ncb8 9. h3 Bxf3 10. Qxf3 Be7 11. g3 Bg5 12. Nd2 h5 13. h4 Bh6 14. Nf1 Bxc1 15. Rxc1 a6 16. Ba4 Kf8 17. Ne3 Nf6 18. O-O Nbd7 19. b4 Kg7 20. Bc2 a5 21. a3 axb4 22. cxb4 Nb6 23. Ra1 Qd7 24. Rfc1 Ra7 25. Bd3 Rha8 26. Rc3 Na4 27. Rc2 Nb6 28. Rc3 Na4 29. Rc2 Nb6 {½-½ (29) Tal,M (2625)-Matulovic,M (2525) Skopje 1972}) 6. O-O Bg4 7. c3 {[%emt 0:01:32] Because White has not developed his knight to c3, he gets to bolster his centre.} O-O 8. h3 Bxf3 9. Qxf3 {[%emt 0:00:35] I would say such positions are a nightmare against Magnus. Not only does he have the centre, but also the bishop pair.} e5 10. Rd1 ({RR} 10. Be3 Nd7 11. Nd2 exd4 12. cxd4 Nxd4 13. Bxd4 Bxd4 14. Qb3 Nc5 15. Qc2 Qf6 16. Rab1 a5 17. Nf3 Be5 18. a3 Kg7 19. b4 axb4 20. axb4 Nd7 21. b5 Nc5 22. b6 c6 23. Rfd1 Ra3 24. Qe2 Na4 {Levitan,C (2385)-Ilinca,F (2446) chess.com INT 2025 0-1}) 10... Qe8 $146 {[%emt 0:08:42][%csl Ge4] Getting away from the rook's fire and threatening to capture the pawn on e4.} ({RR} 10... Nd7 11. Be3 Kh8 12. Qg3 Qe8 13. dxe5 Ndxe5 14. Be2 f5 15. exf5 gxf5 16. Na3 Ng6 17. Bh5 f4 18. Bxf4 Rxf4 19. Bxg6 Qf8 20. Bc2 Be5 21. Nb5 Qf7 22. Qe3 Rf8 23. Rd2 Qg7 24. Be4 Re8 25. Kh1 {Luukkonen,T (2290)-Sychev,K (2563) Moscow 2019 0-1 (52)}) ({RR} 10... Nd7 11. Qe3 Kh8 12. dxe5 Ncxe5 13. Bf1 f5 14. f4 Nf7 15. exf5 gxf5 16. Qf3 c6 17. Bd3 d5 18. Bxf5 Nd6 19. Bc2 Qb6+ 20. Qf2 Rae8 21. Qxb6 Nxb6 22. a4 Nbc4 23. Na3 Nxa3 24. Rxa3 Nc4 25. Ra1 {Bacrot,E (2677)-Adhiban,B (2682) Zagreb 2018 1-0 (60)}) ({RR} 10... Nd7 11. Be3 Kh8 12. Bb5 Qe7 13. Na3 f5 14. Bxc6 bxc6 15. exf5 e4 16. f6 Nxf6 17. Qe2 Nd5 18. Nc2 Rae8 19. Re1 Qf7 20. c4 Ne7 21. Rad1 Nf5 22. b3 h5 23. Bg5 Kh7 24. Qd2 a5 25. Qxa5 {Lenderman,A (2634)-Sadhwani,R (2545) Chess.com INT 2020 0-1 (62)}) 11. d5 {[%emt 0:11:41][%csl Gc4,Gd5][%cal Rc4d5] Shutting down your own bishop is not ideal. However, it closes the centre and gives White the much needed time to complete his development. Other choices like e3 or d2 did not work as in both cases one of the central pawns would fall.} Ne7 12. Qe2 $14 {[%emt 0:01:25][%csl Gc1,Gc4,Gd5,Ge4] The position is similar to the King's Indian Defence but the major difference is that Black is missing the light-squared bishop which is usually a very important piece.} Nh5 13. Bb5 Qc8 14. Na3 a6 15. Ba4 f5 {[%emt 0:08:06] Good strong play by Balogun. He realises that he must do something active before White can finish his development.} 16. Bc2 f4 $6 {[%emt 0:06:42] Closing the position wasn't the best idea.} (16... fxe4 $5 {looks more reasonable} 17. Bxe4 Nf6 18. Bf3 Qd7 19. Bg5 Rae8 $11) 17. Qg4 $1 {[%emt 0:04:09] A really good decision, Black's threat was to play f3 and shatter White's kingside. Now if Black exchanges queens then White will have a small edge as he has the bishop pair and if Black doesn't exchange then White will be in a good position to repel Black's attack.} Qxg4 (17... Nf6 18. Qxc8 Rfxc8 $14 {gives White a small edge like in the game.}) (17... Qd8 $5 {keeping the queens on should have been preferred.}) 18. hxg4 Nf6 19. g5 (19. f3 $6 h5 $1 $11) 19... Nd7 20. Nc4 b6 21. b4 {[%emt 0:00:29] As the kingside is closed White is in a good position to start his activity on the queenside.} h6 22. gxh6 Bxh6 23. g4 $5 (23. a4 $14 {was also slightly better for White.}) 23... Nf6 24. f3 {[%emt 0:00:04] The kingside is now under control. Over to the queenside.} Bg5 25. Kg2 Kg7 26. a4 Bh4 {[%emt 0:01:43][%cal Gh4g3,Gf8h8] Trying to create counterplay on the kingside with ...g3, ...h8 and ...h2.} 27. Bd2 g5 28. Rh1 Ng6 29. Kf1 {[%emt 0:00:44][%cal Gh4g3,Gg6h4] Getting away from the line of fire as ...g3 and ...h4 was threatened.} Rh8 30. Ke2 Bg3 31. a5 $1 b5 $6 (31... bxa5 {looks odd but this was the best choice as after} 32. Nxa5 Rh4 $1 33. c4 (33. Nc6 Rah8 {and Black will have control over the h-file and good counterplay.} 34. Rxh4 gxh4 35. c4 h3 $11) 33... Rah8 34. Rxh4 Nxh4 {[%cal Gh4f3] and now White needs to be careful as ...xf3 is a nice tactical idea hanging in there.} 35. Rg1 $11 (35. c5 $2 {will fail to the nice} Nxf3 $1 36. Kxf3 Rh2 37. Rf1 Rxd2 $19) 35... Nxf3 {is still possible} 36. Kxf3 Rh2 37. Rg2 Rh3 38. Rg1 Rh2 39. Rg2 $11) 32. Na3 {[%emt 0:00:01] White's plan is very clear. Play c4, then b5-break and finally get a passed a-pawn.} Ne7 33. c4 c6 34. dxc6 Nxc6 35. Bc3 $1 Rxh1 36. Rxh1 bxc4 37. Nxc4 {[%emt 0:00:03] Now it's over.} Rb8 (37... Rd8 38. Nb6 $18 ) 38. Nxd6 Kg6 (38... Nxb4 39. Nf5+ Kg6 40. Rh6+ Kf7 41. Bb3+ $18) 39. Nf5 {[%emt 0:00:25] White is in control and Black's king is close to getting mated. Magnus scored his first win of the event.} 1-0

[Event "Tata Steel-A 80th"]
[Site "Wijk aan Zee"]
[Date "2018.01.13"]
[Round "1"]
[White "Carlsen, Magnus"]
[Black "Caruana, Fabiano"]
[Result "1/2-1/2"]
[ECO "C42"]
[WhiteElo "2834"]
[BlackElo "2811"]
[Annotator "Fernandez,Daniel Howard"]
[PlyCount "80"]
[EventDate "2018.01.13"]
[EventType "tourn"]
[EventRounds "13"]
[EventCountry "NED"]
[EventCategory "20"]
[SourceTitle "CBM 183"]
[Source "ChessBase"]
[SourceDate "2018.03.14"]
[SourceVersion "1"]
[SourceVersionDate "2018.03.14"]
[SourceQuality "1"]
[TimeControl "40/5400+30:1800+30"]

1. e4 e5 2. Nf3 Nf6 3. Nxe5 d6 4. Nf3 Nxe4 5. Qe2 {[%emt 0:00:00] A minor choice, generally renowned for leading to a drawish ending.'} Qe7 6. d3 Nf6 7. Nc3 Qxe2+ 8. Bxe2 g6 ({On schematic grounds, I might have preferred} 8... c6 {[%csl Rc3] to close off all options of b5 and 'dominate' the c3-knight. The followup could then be ...d5 and ...g4, with the idea of trying to exchange the light-squared bishop for anything, and exchange the pair of dark-squared bishops.}) 9. Nd4 a6 10. Bf4 {[%emt 0:05:06] Now this pressures the d6-pawn, so as to prevent ...c6 following a fianchetto. Black has little choice but to play ...c6 one way or another, and he will be left with doubled pawns.'} Bg7 (10... Nbd7 {is the maximalist move, trying to prevent f3 altogether.}) 11. h3 Bd7 12. Bf3 Nc6 13. Nxc6 Bxc6 14. Bxc6+ bxc6 15. O-O-O Kd7 {[%emt 0:06:33] Objectively, there is nothing whatsoever wrong with Black's position, and as long as one doesn't get carried away with premonitions of White kings appearing on a5 after the rooks come off (echoes of Rubinstein) then it is also easy enough to play.'} 16. Rhe1 Rhe8 17. Ne4 $146 (17. Bd2 {[%cal Ge1e8,Gd1e1] may have been wisest, focusing on the task of exchanging all the rooks as quickly as possible and then placing pawns on light squares.}) ({RR} 17. Bd2) 17... Nd5 (17... Nxe4 18. dxe4 Re6 19. f3 Rae8 20. Bd2 {[%cal Gc2c4,Gc1c2] is also fine but now White's moves are definitely easier to find, starting with c4, Kc2, b3.}) 18. Bd2 f5 19. Ng5 h6 20. Nf3 g5 21. c3 c5 22. Kc2 Bf6 ({The computer wants} 22... a5 {but it can never be good to allow this pawn to be fixed.}) 23. Rxe8 Rxe8 24. Re1 Rf8 25. Rh1 Re8 26. g3 g4 27. Ng1 Bg5 28. Kd1 a5 29. Ne2 {[%emt 0:02:30] One of several acceptable moves.} (29. a4 Rb8 $1 $15 {was the point and White is being stretched a bit thin.}) 29... a4 (29... Rb8 $5 30. b3 a4 31. Bxg5 hxg5 {is a little bit testing, perhaps}) 30. Bxg5 hxg5 31. hxg4 fxg4 32. Rh5 Re5 33. Rh7+ Ke6 34. a3 (34. d4 {screams out to be played, but there is nothing much going on here either:} Rf5 35. c4 Nb6 36. b3 axb3 37. axb3 Rf3 $11 {Nevertheless, this was marginally safer for White than the game.}) 34... Rf5 35. c4 Nf6 36. Rh2 {[%emt 0:00:45] It looks slightly dangerous to a human to allow ...xf2, because ...d7-e5 with pressure will follow soon.'} Rf3 37. Kc2 Nd7 38. d4 {[%emt 0:05:54] Else White is in very obvious difficulties.} Nb6 (38... Rf5 {is a sensible engine suggestion; this keeps a bit of pressure by not clarifying the situation of the d4-pawn.} 39. Kd3 (39. Rh7 Nb6 40. dxc5 Rxc5 $36) 39... Rf7 {An engine move; what was your first clue?} 40. Rh6+ $6 Ke7 41. Rh2 cxd4 42. Nxd4 Ne5+ 43. Kc3 c5 $15) 39. dxc5 dxc5 40. Nc3 Ke5 (40... Ke5 {Presumably the expected continuation was:} 41. Nd1 Nxc4 42. Rh5 Kd4 43. Rxg5 Ne5 44. Rg7 {when White is completely out of the woods.}) 1/2-1/2

[Event "Tata Steel-A 80th"]
[Site "Wijk aan Zee"]
[Date "2018.01.16"]
[Round "4"]
[White "Giri, Anish"]
[Black "Carlsen, Magnus"]
[Result "1/2-1/2"]
[ECO "C18"]
[WhiteElo "2752"]
[BlackElo "2834"]
[PlyCount "61"]
[EventDate "2018.01.13"]
[EventType "tourn"]
[EventRounds "13"]
[EventCountry "NED"]
[EventCategory "20"]
[SourceTitle "CBM 183"]
[Source "ChessBase"]
[SourceDate "2018.03.14"]
[SourceVersion "1"]
[SourceVersionDate "2018.03.14"]
[SourceQuality "1"]
[TimeControl "40/6000+30:20/3000+30:900+30"]

1. e4 e6 2. d4 d5 3. Nc3 Bb4 4. e5 Ne7 5. a3 Bxc3+ 6. bxc3 c5 7. Qg4 cxd4 8. Qxg7 Rg8 9. Qxh7 Qc7 10. Ne2 Nbc6 11. f4 dxc3 12. Nxc3 Nd4 13. Bb2 Bd7 14. O-O-O Qb6 ({RR} 14... Ndf5 15. Qh3 Qc5 16. Rd2 O-O-O 17. g4 Ne3 18. Nd1 Nxf1 19. Rxf1 Bb5 20. Re1 Nc6 21. f5 d4 22. fxe6 fxe6 23. Nf2 Nxe5 24. Ne4 Qc6 25. Bxd4 Nd3+ 26. Rxd3 Bxd3 27. Qxd3 e5 28. Nf6 Qxf6 29. Qc3+ {Karjakin,S (2786)-Nepomniachtchi,I (2703) Moscow 2013 ½-½ (73)}) 15. Qd3 Ndf5 16. Rd2 $146 ({RR} 16. Nb5 Rc8 17. g3 a6 18. Nd4 Ba4 19. Rd2 Rc4 20. Bg2 Nxd4 21. Bxd4 Qb5 22. Bf1 Qc6 23. Qh7 Rg7 24. Qh8+ Rg8 25. Qh7 Rg7 26. Qh8+ Rg8 27. Qh7 {½-½ (27) Horvath,C (2515)-Balog,I (2539) Budapest 2013}) ({RR} 16. Nb5 O-O-O 17. g3 a6 18. Nd4 Kb8 19. Qb3 Qa7 20. Bh3 Rc8 21. Nxf5 exf5 22. Bd4 Qa8 23. Qb4 Rce8 24. Qd6+ Kc8 25. Bb6 Qb8 26. Qc5+ Bc6 27. Bg2 {1-0 (27) Nijboer,F (2525)-Wirschell,T (2325) Antwerp 1996}) 16... Rc8 17. g3 Ne3 18. Ne4 Rxc2+ 19. Rxc2 dxe4 20. Qxe4 Nxc2 21. Qxc2 Bc6 22. Bg2 Bxg2 23. Qxg2 Nd5 24. Kb1 Nc3+ 25. Ka1 Qb3 26. Bxc3 Qxa3+ 27. Kb1 Qxc3 28. Rc1 Qb4+ 29. Qb2 Qe4+ 30. Qc2 Qb4+ 31. Qb2 1/2-1/2

[Event "Tata Steel-A 80th"]
[Site "Wijk aan Zee"]
[Date "2018.01.17"]
[Round "5"]
[White "Carlsen, Magnus"]
[Black "Kramnik, Vladimir"]
[Result "1/2-1/2"]
[ECO "C54"]
[WhiteElo "2834"]
[BlackElo "2787"]
[Annotator "ChessBase II"]
[PlyCount "126"]
[EventDate "2018.01.13"]
[EventType "tourn"]
[EventRounds "13"]
[EventCountry "NED"]
[EventCategory "20"]
[SourceTitle "CBM 183"]
[Source "ChessBase"]
[SourceDate "2018.03.14"]
[SourceVersion "1"]
[SourceVersionDate "2018.03.14"]
[SourceQuality "1"]
[TimeControl "40/6000+30:20/3000+30:900+30"]

{Especially dramatic was the match between Magnus Carlsen and Vladimir Kramnik. In an Italian game Kramnik reached easy equality with Black} 1. e4 e5 2. Nf3 Nc6 3. Bc4 Bc5 4. O-O Nf6 5. d3 d6 6. c3 a6 7. a4 O-O 8. h3 h6 9. Re1 Re8 10. Nbd2 Be6 11. Bxe6 Rxe6 12. b4 Ba7 13. Qc2 Qd7 14. Nf1 ({RR} 14. Rb1 Rd8 15. b5 Ne7 16. Nc4 Ng6 17. Be3 Bxe3 18. Nxe3 d5 19. c4 d4 20. Nd5 axb5 21. axb5 c6 22. bxc6 bxc6 23. Nb6 Qe7 24. g3 Nf8 25. c5 Ne8 26. Ra1 Qf6 27. Kg2 Nc7 28. Ra5 Ree8 {Bok,B (2593)-Vrolijk,L (2521) Venlo NED 2025 ½-½ (42)}) 14... d5 15. Ng3 Rd8 16. exd5 $146 ({RR} 16. Rb1 Ne7 17. c4 dxc4 18. dxc4 Nc6 19. c5 Qd3 20. Qxd3 Rxd3 21. Be3 a5 22. bxa5 Nxa5 23. Rb5 b6 24. Nxe5 Ra3 25. Rd1 Rxa4 26. Rd8+ Kh7 27. Nxf7 Nxe4 28. Nxe4 Raxe4 29. Rc8 Re7 30. Nd8 c6 {Silich,Y (2221)-Bialiauski,A (1996) Minsk 2022 1-0 (74)}) ({RR} 16. Rb1 Ne7 17. c4 dxc4 18. dxc4 Nc6 19. c5 Qd3 20. Qxd3 Rxd3 21. Be3 a5 22. bxa5 Nxa5 23. Rb5 b6 24. Nxe5 Ra3 25. Rd1 Rxa4 26. Rd8+ Kh7 27. Nxf7 Nxe4 28. Nxe4 Raxe4 29. Rc8 Re7 30. Nd8 c6 {Silich,Y (2221)-Bialiauski,A (1996) Minsk 2022 1-0 (74)}) 16... Qxd5 17. Be3 Qxd3 18. Qxd3 Rxd3 19. Bxa7 Nxa7 20. Nxe5 Rd5 21. Ng4 Nxg4 22. Rxe6 fxe6 23. hxg4 a5 24. f3 Nc6 25. Rb1 b6 26. Ne4 axb4 27. cxb4 Rd4 28. b5 $6 {[%emt 0:01:15] After one "impulsive" move (28.b5) — as Carlsen said after the game — the Norwegian even came under pressure and had to save himself in a rook ending, where black had two pawns extra — although doubled on the g-line. With only one g-pawn it would be a theoretical draw, but the second g-pawn made the matter "tricky" to quote Carlsen. But Carlsen defended himself precisely and saved the draw} Ne5 29. Rc1 Nxg4 30. fxg4 Rxe4 31. Rxc7 Rxa4 32. Rc6 Kf7 33. g5 hxg5 34. Rxb6 Rb4 35. Rb8 Kf6 36. b6 Ke5 37. Kh2 Rb3 38. g4 Kf4 39. b7 Kxg4 40. Re8 Rxb7 41. Rxe6 Rb2+ 42. Kg1 Kf3 43. Ra6 Rg2+ 44. Kh1 Re2 45. Kg1 g4 46. Ra1 Re8 47. Rb1 g3 48. Rb3+ Re3 49. Rb1 Re8 50. Rb3+ Kg4 51. Rb5 Re1+ 52. Kg2 Re2+ 53. Kg1 g5 54. Rb8 Re1+ 55. Kg2 Re2+ 56. Kg1 Ra2 57. Rc8 Ra1+ 58. Kg2 Ra2+ 59. Kg1 g2 60. Rc4+ Kh3 61. Rc3+ Kh4 62. Rc4+ g4 63. Rc3 Kh5 1/2-1/2